 Dungeon Crawl Stone Soup version 0.23-a0-393-g6e9e0f2070 (webtiles) character file.

222 PikkenKukken the Insei (level 5, -5/39 HPs)
             Began as a Demonspawn Transmuter on Oct 30, 2018.
             Slain by a black bear (6 damage)
             ... on level 4 of the Dungeon.
             The game lasted 00:13:50 (6188 turns).

PikkenKukken the Insei (Demonspawn Transmuter)      Turns: 6188, Time: 00:13:51

Health: -5/39      AC:  2    Str: 10    XL:     5   Next: 66%
Magic:  6/8        EV: 12    Int: 15    God:
Gold:   187        SH:  5    Dex: 14    Spells: 1/8 levels left

rFire    x . .     SeeInvis .     - Unarmed
rCold    + + .     Gourm    .   c - +1 buckler
rNeg     . . .     Faith    .   k - +0 robe
rPois    .         Spirit   .   (no helmet)
rElec    .         Reflect  .   (no cloak)
rCorr    .         Harm     .   (no gloves)
MR       +....                  (no boots)
Stlth    +.........             q - amulet of the acrobat
HPRegen  0.13/turn              u - ring of ice
MPRegen  0.11/turn              i - ring of protection from magic

@: appendage (expiring)
A: horns 2, cold resistance 1
a: End Transformation


You were on level 4 of the Dungeon.
You were not hungry.
You had grown temporary horns.
You visited 1 branch of the dungeon, and saw 4 of its levels.

You collected 187 gold pieces.

Inventory:

Missiles
 a - 67 arrows
 l - 99 stones (quivered)
Armour
 b - a +0 robe
 c - a +1 buckler (worn)
 k - a +0 robe (worn)
Jewellery
 i - a ring of protection from magic (right hand)
 p - an uncursed ring of wizardry
 q - an amulet of the acrobat (around neck)
 u - a ring of ice (left hand)
Scrolls
 e - 2 scrolls of remove curse
 h - 2 scrolls of blinking
 n - 2 scrolls of identify
 r - a scroll of teleportation
Potions
 f - a potion of magic {unknown}
 g - 2 potions of curing
 j - a potion of might {unknown}
 m - a potion of heal wounds
 o - a potion of cancellation {unknown}
 t - a potion of resistance {unknown}
 v - a potion of flight {unknown}
Comestibles
 d - 4 rations
 s - a chunk of flesh


   Skills:
 + Level 2.7 Fighting
 - Level 1.7 Dodging
 + Level 1.2 Shields
 * Level 4.3 Unarmed Combat
 - Level 2.0 Spellcasting
 + Level 3.0 Transmutations


You had one spell level left.
You knew the following spells:

 Your Spells              Type           Power        Failure   Level  Hunger
a - Beastly Appendage     Tmut           ##....       9%          1    #......
b - Sticks to Snakes      Tmut           ##......     14%         2    ###....
c - Ice Form              Ice/Tmut       #.......     86%         4    #####..

Your spell library contained the following spells:

 Spells                   Type           Power        Failure   Level  Hunger
 Spider Form              Tmut/Pois      #.........   45%         3    ###....
 Blade Hands              Tmut           ##........   94%         5    ######.


Dungeon Overview and Level Annotations

Branches:
Dungeon (4/15)
 Temple: D:4-7

Altars:
Dithmenos
Gozag
Nemelex Xobeh
Ru
The Shining One


Innate Abilities, Weirdness & Mutations

Your flesh is cold resistant. (rC+)
You have a pair of horns on your head.


Message History

The black bear growls angrily.
The black bear is almost dead.
The black bear bites you. The black bear claws you.
The black bear barely misses you.
The black bear bites you but does no damage.
The black bear claws you.
* * * LOW HITPOINT WARNING * * *
The black bear claws you.
* * * LOW HITPOINT WARNING * * *
You hit the black bear.
The black bear is almost dead.
The black bear bites you.
* * * LOW HITPOINT WARNING * * *
You block the black bear's attack. x2
You hit the black bear.
The black bear is almost dead.
The black bear bites you!
* * * LOW HITPOINT WARNING * * *
The black bear claws you.
You die...

#.#... ....
#.#..###.#.#
#.#........##
#.#.#.##....
###.#.........
#........###.###
#...............
#........###h######
#........).@.......
#...).....##.......
#.............#.###
#........####.# #
.........## .#
########## .# #


You could see a black bear (berserk).

Vanquished Creatures
  An orc priest (D:3)
  3 gnolls (D:2)
  6 adders
  3 worms (D:2)
  A leopard gecko (D:1)
  11 orcs
  3 giant cockroaches
  13 goblins
  11 hobgoblins
  2 jackals (D:3)
  3 quokkas
  9 bats
  7 frilled lizards
  5 kobolds
  5 rats
83 creatures vanquished.

Vanquished Creatures (collateral kills)
  An adder (D:2)
  A gnoll (D:2)
  An orc (D:3)
  A bat (D:3)
  A leopard gecko zombie (D:4)
5 creatures vanquished.

Grand Total: 88 creatures vanquished

Notes
Turn   | Place    | Note
-------+----------+-------------------------------------------
     0 | D:1      | PikkenKukken the Demonspawn Transmuter began the quest for
                  | the Orb.
     0 | D:1      | Reached XP level 1. HP: 15/15 MP: 3/3
   365 | D:1      | Reached skill level 3 in Unarmed Combat
   605 | D:1      | Gained mutation: Your flesh is cold resistant. (rC+)
                  | [demonic ancestry]
   605 | D:1      | Reached XP level 2. HP: 21/21 MP: 3/5
   609 | D:1      | Learned a level 2 spell: Sticks to Snakes
  1057 | D:1      | Found a glowing golden altar of the Shining One.
  1335 | D:2      | Reached XP level 3. HP: 8/26 MP: 4/6
  2379 | D:2      | Reached XP level 4. HP: 28/33 MP: 7/7
  2432 | D:2      | Found a shadowy altar of Dithmenos.
  2812 | D:2      | Found a sacrificial altar of Ru.
  4051 | D:3      | Reached skill level 4 in Unarmed Combat
  4051 | D:3      | Reached XP level 5. HP: 19/39 MP: 1/8
  4210 | D:2      | Learned a level 4 spell: Ice Form
  4260 | D:2      | Reached skill level 1 in Shields
  5980 | D:3      | Found an opulent altar of Gozag.
  5995 | D:3      | Found a sparkling altar of Nemelex Xobeh.
  6102 | D:4      | Noticed a black bear
  6188 | D:4      | HP: 1/39 [black bear (7)]
  6188 | D:4      | Slain by a black bear

Vault maps used:
D:1:      saegor_arrival_simple_a, minmay_fountain_box, tso_altar
D:2:      nicolae_ru_awakened_eye, nicolae_dithmenos_shadow_blocks
D:3:      grunt_temple_overflow_opulence, kennysheep_generic_room_13
D:4:      black_bear_nest_1, serial_shops, kennysheep_little_box, uniq_menkaure

Skill      XL: |  1  2  3  4  5 |
---------------+----------------+-----
Unarmed Combat | 3 4 |  4.3
Transmutations | 2 3 |  3.0
Fighting       | 2 |  2.7
Shields        | 1 |  1.2
Dodging        | |  1.7
Spellcasting   | |  2.0

Action                   |  1- 3 |  4- 6 || total
-------------------------+-------+-------++-------
Melee: Unarmed           |   122 |   168 ||   290
       Headbutt          |     8 |    12 ||    20
       Punch             |     1 |       ||     1
       Kick              |     9 |     6 ||    15
 Cast: Beastly Appendage |    17 |    23 ||    40
       Sticks to Snakes  |     1 |    15 ||    16
  Use: Scroll            |     2 |     8 ||    10
       Potion            |     1 |       ||     1
 Stab: Sleeping          |       |     1 ||     1
  Eat: Chunk             |     5 |    10 ||    15
       Ration            |       |     1 ||     1
Armor: Robe              |    18 |    23 ||    41
Dodge: Dodged            |    82 |   119 ||   201
Block: Buckler           |     3 |    49 ||    52

Table legend:
 A = Non-vault XP
 B = Vault XP
 C = Vault XP percentage of total XP
 D = Non-vault monster count
 E = Vault monster count
 F = Vault count percentage of total count
                 A         B        C        D         E       F
            +---------+---------+-------+---------+---------+-------
      Total |     315 |       3 |   0.9 |      87 |       1 |   1.1
            +---------+---------+-------+---------+---------+-------
        D:1 |      37 |       0 |   0.0 |      21 |       0 |   0.0
        D:2 |     191 |       0 |   0.0 |      44 |       0 |   0.0
        D:3 |      83 |       3 |   3.5 |      20 |       1 |   4.8
        D:4 |       4 |       0 |   0.0 |       2 |       0 |   0.0
            +---------+---------+-------+---------+---------+-------
